Map: Eternal Empire LE

Players

JohnnyV - Winner!

  • Race: Terran Terran
  • League: Silver
  • Spawn Location: 1:00

Lambert

  • Race: Terran Terran
  • League: Gold
  • Spawn Location: 7:00

VOD

Have the link to the VOD?

Description

Time

  • Played on: May 23, 2020, 12:13 p.m.
  • Length: 13:27
Show
View Real Time Build Order
Export as new Build Order

JohnnyV Terran - Winner!

Build Orders:  

Get SALT Encoding   

  12  0:01  SCV  
  13  0:16  Supply Depot  
  13  0:17  SCV  
  14  0:29  SCV  
  15  0:40  Barracks  
  15  0:42  SCV  
  16  0:46  Refinery  
  16  0:54  SCV  
  17  1:03  Refinery  
  17  1:06  SCV  
  18  1:18  SCV  
  19  1:30  SCV  
  19  1:31  Supply Depot  
  19  1:32  Reaper  
  21  1:42  SCV  
  22  1:49  Factory  
  22  1:55  SCV  
  22  2:01  Bunker  
  23  2:06  Barracks Tech Lab  
  23  2:14  Orbital Command  
  23  2:24  Supply Depot  
  23  2:40  Starport  
  23  2:43  Barracks Tech Lab  
  23  2:47  Widow Mine  
  25  3:02  Marine  
  26  3:32  Barracks Reactor  
  28  3:42  Siege Tank  
  28  3:46  Engineering Bay  
  29  3:51  Banshee  
  29  3:54  Command Center  
  32  3:59  Supply Depot  
  32  4:05  Fusion Core  
  32  4:11  Marine  
  32  4:12  Marine  
  34  4:19  Siege Tank  
  37  4:26  SCV  
  38  4:32  Marine x2  
  40  4:38  SCV  
  40  4:40  Cloaking Field  
  41  4:50  SCV  
  42  5:02  Marine  
  42  5:03  Marine  
  44  5:08  Widow Mine  
  46  5:15  Refinery  
  46  5:18  Refinery  
  46  5:20  Battlecruiser  
  52  5:22  Marine  
  52  5:23  Marine  
  54  5:37  Widow Mine  
  54  5:39  Orbital Command  
  54  5:41  SCV  
  57  5:47  Marine x2  
  56  5:50  Terran Infantry Weapons Level 1  
  56  5:53  SCV  
  57  6:05  SCV  
  57  6:09  Marine x2  
  60  6:11  Supply Depot  
  60  6:15  Supply Depot  
  60  6:17  SCV  
  60  6:22  Siege Tank  
  61  6:42  Marine x2  
  61  6:45  Battlecruiser  
  69  7:01  Marine x2  
  69  7:02  Siege Tank  
  74  7:26  SCV  
  74  7:27  SCV  
  76  7:34  Marine x2  
  78  7:42  Missile Turret  
  78  7:45  Missile Turret  
  78  7:51  Weapon Refit  
  78  7:55  Supply Depot  
  78  7:57  Supply Depot  
  78  8:17  Marine x2, SCV x2, Siege Tank  
  85  8:30  Terran Infantry Armor Level 1  
  85  8:34  Command Center  
  72  8:49  Siege Tank  
  69  9:00  Marine x2  
  66  9:17  Marine  
  66  9:18  Marine  
  68  9:35  Marine x2  
  70  9:53  Marine  
  71  10:01  Marine  
  71  10:02  Siege Tank  
  71  10:03  Battlecruiser  
  77  10:11  Marine  
  75  10:19  Marine  
  66  10:29  Marine  
  66  10:34  Siege Tank  
  69  10:36  Marine  
  70  10:46  Marine  
  71  10:54  Marine  
  72  11:04  Marine  
  72  11:08  Battlecruiser  
  79  11:11  Siege Tank  
  79  11:12  Marine  
  83  11:22  Marine  
  84  11:30  Marine  
  85  11:38  Orbital Command  
  82  11:40  Marine, SCV x2  
  82  11:43  Siege Tank  
  88  11:48  Marine  
  88  11:52  SCV  
  90  11:58  Marine  
  91  12:05  Marine  
  92  12:12  Battlecruiser  
  98  12:15  Siege Tank  
  98  12:16  Marine  
  102  12:23  Marine  
  103  12:39  Marine  
  103  12:41  Marine  
  98  12:47  Siege Tank  
  101  12:57  Marine  
  96  13:03  Marine  
Show
View Real Time Build Order
Export as new Build Order

Lambert Terran 

Build Orders: Gas First Reaper Expand 

Get SALT Encoding   

  12  0:01  SCV  
  13  0:13  SCV  
  14  0:17  Supply Depot  
  14  0:25  SCV  
  15  0:31  Refinery  
  15  0:39  SCV  
  16  0:46  Barracks  
  16  0:51  SCV  
  17  1:03  SCV  
  18  1:15  SCV  
  19  1:36  Reaper  
  19  1:37  Orbital Command  
  20  1:44  Command Center  
  20  1:55  Factory  
  20  2:05  Supply Depot  
  20  2:06  SCV  
  21  2:16  Refinery  
  21  2:18  SCV  
  22  2:26  Marine  
  23  2:30  SCV  
  24  2:42  SCV  
  25  2:50  Starport, Factory Tech Lab  
  25  2:54  SCV  
  25  2:55  Orbital Command  
  26  2:59  Barracks Reactor  
  26  3:19  Cyclone  
  29  3:26  Command Center  
  29  3:32  SCV x2  
  31  3:38  Marine x2  
  33  3:47  SCV x2  
  35  3:52  Supply Depot  
  35  4:03  Barracks  
  35  4:04  SCV x2  
  37  4:10  Marine x2  
  37  4:16  Supply Depot  
  40  4:17  SCV x2  
  41  4:28  Marine x2  
  41  4:29  SCV x2  
  41  4:30  Raven  
  47  4:37  Engineering Bay  
  47  4:40  Orbital Command  
  47  4:41  SCV x2  
  47  4:43  Engineering Bay  
  49  4:45  Marine  
  49  4:46  Marine  
  51  4:53  SCV x2  
  51  4:55  Barracks Tech Lab  
  53  5:03  Marine x2  
  53  5:05  SCV x2  
  57  5:12  Terran Infantry Weapons Level 1  
  57  5:13  Terran Infantry Armor Level 1  
  57  5:14  Stimpack  
  57  5:26  Marine x2, Refinery  
  57  5:27  Marine, Refinery  
  60  5:29  Starport Reactor, Siege Tank  
  60  5:35  Supply Depot  
  62  5:44  Marine x2  
  62  5:47  SCV  
  62  5:48  Orbital Command  
  65  5:54  Marine, SCV  
  67  5:59  SCV  
  67  6:02  Marine, Missile Turret  
  69  6:07  SCV  
  70  6:12  Supply Depot  
  70  6:13  Armory  
  70  6:24  Siege Tank  
  73  6:26  Medivac x2  
  73  6:28  SCV x3  
  80  6:40  SCV  
  80  6:43  SCV x2  
  80  6:44  Missile Turret  
  75  7:06  Marine x3  
  78  7:15  Terran Vehicle Weapons Level 1, Terran Infantry Weapons Level 2, Terran Infantry Armor Level 2  
  70  7:24  Marine x3, Missile Turret  
  70  7:27  SCV x2  
  70  7:28  SCV, Missile Turret  
  76  7:42  Marine  
  77  7:46  Marine x2  
  78  7:56  SCV x3  
  81  7:59  Barracks x2  
  81  8:00  Marine  
  81  8:03  Supply Depot  
  81  8:04  Marine  
  83  8:06  Marine, Supply Depot  
  83  8:08  SCV  
  83  8:10  Siege Tank  
  88  8:17  Marine  
  89  8:22  Marine  
  78  8:42  Siege Tank  
  78  8:43  Marine  
  78  8:44  Marine x2  
  78  8:47  Marine  
  78  8:48  Marine  
  82  8:53  SCV x2  
  82  8:54  SCV  
  81  9:01  Marine x2  
  81  9:02  Marine  
  80  9:04  Refinery  
  80  9:05  Marine x2, SCV, Refinery  
  80  9:06  SCV, Medivac x2  
  81  9:15  Factory, Siege Tank  
  80  9:19  Marine x3  
  80  9:23  Marine  
  83  9:30  Missile Turret  
  79  9:32  Combat Shield  
  79  9:33  Barracks Reactor  
  79  9:38  Marine x2  
  79  9:39  Marine  
  79  9:41  Marine  
  79  9:44  Orbital Command  
  79  9:45  SCV x2  
  82  9:47  Siege Tank  
  84  9:56  Marine  
  76  10:01  Marine  
  76  10:02  Marine x2  
  71  10:13  Marine x2  
  66  10:18  Marine  
  66  10:19  Marine x2  
  66  10:20  Marine  
  63  10:24  Orbital Command  
  62  10:31  Marine x2  
  64  10:36  Marine  
  64  10:37  Marine x3  
  66  10:48  Marine  
  66  10:49  Marine  
  61  10:58  Marine x4  
  63  11:10  Viking  
  63  11:11  Viking  
  63  11:16  Marine x5  
  63  11:17  Marine  
  59  11:30  Siege Tank  
  62  11:36  Barracks Reactor  
  62  11:39  Orbital Command  
  62  11:44  Viking  
  62  11:45  Viking  
  63  12:02  Siege Tank  
  66  12:15  Viking x2  
  70  12:34  Siege Tank  
  66  12:46  Viking x2  
  62  13:04  Marine x4  
Tags
 
Add a new tag
Caveats
  • Supply blocks, unpowered buildings, or Contaminate may cause inaccurate times.
  • Supply counts are checked every 10 seconds.